[ PARTIDA AOE2 · #487523684 ]
UnrankedEtíopes vs Huns
Equipo del jugador · DERR
[ ANÁLISIS DE REPETICIÓN · EXTRAÍDO DE LA PARTIDA GRABADA ]
Feudal
14:41
Castillos
18:04
Imperial
36:48
| APM promedio | 15.0 |
| APM pico | 30 |
| eAPM promedio | 11.0 |
| Aldeanos / militares | 145 / 459 |
Foco
⚔️ 38.2% · 🌾 61.8%
Skirmisher ×176 · Knight ×110 · Archer ×65 · Camel Scout ×43 · Spearman ×38 · Mangonel ×16
Feudal
15:22
Castillos
24:01
Imperial
—
| APM promedio | 10.9 |
| APM pico | 35 |
| eAPM promedio | 7.4 |
| Aldeanos / militares | 181 / 0 |
Foco
⚔️ 13.3% · 🌾 86.7%
Feudal
15:20
Castillos
19:26
Imperial
34:02
| APM promedio | 21.6 |
| APM pico | 49 |
| eAPM promedio | 15.2 |
| Aldeanos / militares | 138 / 321 |
Foco
⚔️ 37.6% · 🌾 62.4%
Archer ×212 · Unknown (2550) ×112 · Spearman ×100 · Unknown (2582) ×52 · Trebuchet (Packed) ×9
Feudal
17:30
Castillos
22:19
Imperial
37:43
| APM promedio | 22.8 |
| APM pico | 57 |
| eAPM promedio | 10.9 |
| Aldeanos / militares | 149 / 142 |
Foco
⚔️ 18.7% · 🌾 81.3%
Skirmisher ×70 · Knight ×63 · Monk ×5 · Trebuchet (Packed) ×3 · Scout Cavalry ×1
Mapa de la partida
Recursos iniciales + cada clic de construcción. Líneas = muros · curvas = relieve. ◆ oro · ⬟ piedra · ● bayas · ✦ reliquia · ◌ hueco del cierre
Tu base· Abierta — hueco de 14t
Base de willfrancis11· Abierta — flanco sin cerrar
Base de flo29· Abierta — flanco sin cerrar
Base de curry addicted· Abierta — flanco sin cerrar
Terreno inicial suavizado · ◌ = hueco del cierre detectado · pasá el cursor para detalles
Inputs por minuto
— SB - - willfrancis11
Build order — SB
Primeras 150 de 464 acciones detectadas
| 0:13 | Construir | House |
| 0:30 | Construir | Town Center |
| 3:02 | Crear | Villager (Male) |
| 3:03 | Crear | Villager (Male) |
| 3:03 | Crear | Villager (Male) |
| 3:03 | Crear | Villager (Male) |
| 4:00 | Construir | House |
| 4:14 | Crear | Villager (Male) |
| 4:46 | Crear | Villager (Male) |
| 5:44 | Crear | Villager (Male) |
| 5:44 | Crear | Villager (Male) |
| 5:57 | Crear | Villager (Male) |
| 6:23 | Construir | Lumber Camp |
| 6:28 | Crear | Villager (Male) |
| 6:43 | Construir | House |
| 6:47 | Construir | House |
| 6:59 | Crear | Villager (Male) |
| 7:27 | Crear | Villager (Male) |
| 7:27 | Crear | Villager (Male) |
| 7:28 | Crear | Villager (Male) |
| 7:52 | Crear | Villager (Male) |
| 8:12 | Crear | Villager (Male) |
| 8:13 | Crear | Villager (Male) |
| 9:09 | Crear | Villager (Male) |
| 9:09 | Crear | Villager (Male) |
| 9:44 | Crear | Villager (Male) |
| 9:44 | Crear | Villager (Male) |
| 9:44 | Crear | Villager (Male) |
| 9:45 | Crear | Villager (Male) |
| 9:45 | Crear | Villager (Male) |
| 9:57 | Construir | Mill |
| 12:13 | Investigar | Feudal Age |
| 12:14 | Investigar | Loom |
| 12:37 | Construir | House |
| 13:46 | Construir | Barracks |
| 14:38 | Construir | Farm |
| 14:40 | Construir | Farm |
| 14:41 | Edad | Edad Feudal |
| 14:42 | Construir | Farm |
| 14:48 | Construir | Archery Range |
| 14:52 | Construir | Blacksmith |
| 15:24 | Investigar | Castle Age |
| 15:36 | Construir | Farm |
| 15:38 | Construir | Farm |
| 15:40 | Construir | Farm |
| 15:42 | Construir | Farm |
| 16:06 | Construir | Farm |
| 16:17 | Crear | Skirmisher |
| 16:51 | Crear | Skirmisher |
| 17:01 | Investigar | Double-Bit Axe |
| 18:04 | Edad | Edad de los Castillos |
| 18:10 | Construir | Town Center |
| 18:37 | Construir | Town Center |
| 18:48 | Crear | Villager (Male) |
| 18:48 | Crear | Villager (Male) |
| 18:49 | Crear | Villager (Male) |
| 19:05 | Crear | Villager (Male) |
| 19:05 | Crear | Villager (Male) |
| 19:05 | Crear | Villager (Male) |
| 19:05 | Crear | Villager (Male) |
| 19:35 | Crear | Villager (Male) |
| 20:03 | Crear | Villager (Male) |
| 20:04 | Crear | Villager (Male) |
| 20:07 | Construir | House |
| 20:12 | Construir | House |
| 20:14 | Construir | House |
| 20:33 | Construir | Farm |
| 20:35 | Construir | Farm |
| 20:36 | Construir | Farm |
| 20:37 | Construir | Farm |
| 20:39 | Construir | Farm |
| 20:45 | Construir | Farm |
| 21:07 | Construir | Farm |
| 21:12 | Investigar | Horse Collar |
| 21:14 | Crear | Villager (Male) |
| 21:28 | Construir | Stable |
| 21:43 | Construir | Outpost |
| 21:45 | Crear | Villager (Male) |
| 21:46 | Crear | Villager (Male) |
| 21:59 | Crear | Villager (Male) |
| 22:02 | Crear | Villager (Male) |
| 22:12 | Construir | Farm |
| 22:15 | Construir | Farm |
| 22:16 | Construir | Farm |
| 22:24 | Construir | Outpost |
| 22:26 | Crear | Villager (Male) |
| 22:26 | Crear | Villager (Male) |
| 22:38 | Crear | Villager (Male) |
| 22:43 | Construir | Farm |
| 22:53 | Crear | Villager (Male) |
| 22:53 | Crear | Villager (Male) |
| 23:00 | Crear | Villager (Male) |
| 23:00 | Crear | Villager (Male) |
| 23:28 | Construir | Outpost |
| 23:29 | Crear | Villager (Male) |
| 23:29 | Crear | Villager (Male) |
| 23:32 | Crear | Villager (Male) |
| 23:42 | Construir | Farm |
| 23:45 | Construir | Farm |
| 23:46 | Construir | Farm |
| 23:48 | Construir | Farm |
| 23:50 | Construir | Farm |
| 23:52 | Construir | Farm |
| 24:01 | Construir | Mill |
| 24:04 | Crear | Villager (Male) ×3 |
| 24:08 | Crear | Villager (Male) |
| 24:26 | Crear | Villager (Male) |
| 24:42 | Crear | Villager (Male) |
| 24:42 | Crear | Villager (Male) |
| 24:43 | Crear | Villager (Male) |
| 24:43 | Crear | Villager (Male) |
| 24:55 | Construir | Outpost |
| 25:06 | Construir | House |
| 25:08 | Construir | House |
| 25:10 | Construir | House |
| 25:17 | Investigar | Bow Saw |
| 25:18 | Crear | Villager (Male) |
| 25:32 | Construir | Outpost |
| 25:53 | Crear | Villager (Male) |
| 25:53 | Crear | Villager (Male) |
| 25:53 | Crear | Villager (Male) |
| 25:54 | Crear | Villager (Male) |
| 25:54 | Crear | Villager (Male) |
| 26:16 | Construir | Outpost |
| 26:18 | Crear | Villager (Male) |
| 26:18 | Crear | Villager (Male) |
| 26:32 | Construir | Monastery |
| 26:35 | Crear | Villager (Male) |
| 26:35 | Crear | Villager (Male) |
| 26:36 | Crear | Villager (Male) |
| 26:36 | Crear | Villager (Male) |
| 26:44 | Construir | Farm |
| 26:45 | Construir | Farm |
| 26:46 | Construir | Farm |
| 26:49 | Construir | Farm |
| 26:55 | Investigar | Heavy Plow |
| 26:57 | Crear | Villager (Male) |
| 26:58 | Crear | Villager (Male) |
| 27:09 | Construir | Town Center |
| 27:25 | Construir | House |
| 27:27 | Construir | House |
| 27:30 | Construir | House |
| 27:35 | Crear | Villager (Male) ×4 |
| 27:57 | Investigar | Wheelbarrow |
| 28:03 | Crear | Villager (Male) |
| 28:04 | Crear | Villager (Male) |
| 28:07 | Investigar | Town Watch |
| 28:13 | Crear | Monk |
| 28:27 | Construir | Outpost |
| 28:33 | Construir | Outpost |
Build order — willfrancis11
Primeras 150 de 314 acciones detectadas
| 1:34 | Construir | Town Center |
| 3:37 | Crear | Villager (Male) |
| 3:38 | Crear | Villager (Male) |
| 3:38 | Crear | Villager (Male) |
| 3:38 | Crear | Villager (Male) |
| 3:39 | Crear | Villager (Male) |
| 5:09 | Crear | Villager (Male) |
| 5:09 | Crear | Villager (Male) |
| 5:09 | Crear | Villager (Male) |
| 6:26 | Crear | Villager (Male) |
| 6:31 | Crear | Villager (Male) |
| 6:32 | Crear | Villager (Male) |
| 6:59 | Construir | Lumber Camp |
| 7:05 | Crear | Villager (Male) |
| 7:05 | Crear | Villager (Male) |
| 7:29 | Crear | Villager (Male) |
| 8:29 | Crear | Villager (Male) |
| 8:30 | Crear | Villager (Male) |
| 8:30 | Crear | Villager (Male) |
| 8:31 | Crear | Villager (Male) |
| 9:04 | Crear | Villager (Male) |
| 9:04 | Crear | Villager (Male) |
| 9:23 | Construir | Mill |
| 11:05 | Construir | Farm |
| 11:12 | Crear | Villager (Male) |
| 11:38 | Construir | Farm |
| 13:12 | Investigar | Feudal Age |
| 13:13 | Investigar | Feudal Age |
| 15:00 | Crear | Villager (Male) |
| 15:22 | Edad | Edad Feudal |
| 15:24 | Investigar | Double-Bit Axe |
| 15:25 | Investigar | Horse Collar |
| 15:36 | Crear | Villager (Male) |
| 15:36 | Crear | Villager (Male) |
| 15:37 | Crear | Villager (Male) |
| 15:37 | Crear | Villager (Male) |
| 15:37 | Crear | Villager (Male) |
| 16:41 | Construir | Mining Camp |
| 16:47 | Crear | Villager (Male) |
| 17:17 | Investigar | Gold Mining |
| 17:17 | Investigar | Gold Mining |
| 17:24 | Construir | Mill |
| 17:37 | Crear | Villager (Male) |
| 17:38 | Crear | Villager (Male) |
| 17:38 | Crear | Villager (Male) |
| 18:16 | Crear | Villager (Male) |
| 18:29 | Construir | Blacksmith |
| 18:32 | Construir | Market |
| 18:44 | Construir | Farm |
| 20:23 | Construir | Barracks |
| 21:21 | Investigar | Castle Age |
| 21:22 | Investigar | Castle Age |
| 21:22 | Investigar | Castle Age |
| 21:29 | Construir | Gate |
| 21:32 | Construir | Stone Wall |
| 21:45 | Crear | Villager (Male) |
| 23:00 | Construir | Mill |
| 23:28 | Construir | Stable |
| 23:40 | Construir | Stable |
| 23:45 | Construir | Stone Wall |
| 24:01 | Edad | Edad de los Castillos |
| 24:02 | Construir | Town Center |
| 24:09 | Construir | Town Center |
| 24:13 | Construir | Town Center |
| 24:17 | Crear | Villager (Male) |
| 24:19 | Investigar | Bow Saw |
| 24:32 | Investigar | Heavy Plow |
| 24:35 | Crear | Villager (Male) |
| 24:35 | Crear | Villager (Male) |
| 24:58 | Investigar | Stone Mining |
| 25:14 | Crear | Villager (Male) |
| 25:28 | Crear | Villager (Male) |
| 25:34 | Construir | Farm |
| 25:35 | Construir | Farm |
| 25:38 | Crear | Villager (Male) |
| 25:39 | Crear | Villager (Male) |
| 25:59 | Crear | Villager (Male) |
| 26:00 | Crear | Villager (Male) |
| 26:16 | Crear | Villager (Male) |
| 26:16 | Crear | Villager (Male) |
| 26:16 | Crear | Villager (Male) |
| 26:37 | Crear | Villager (Male) |
| 26:38 | Crear | Villager (Male) |
| 26:44 | Construir | Farm |
| 26:47 | Crear | Villager (Male) |
| 27:10 | Construir | Farm |
| 27:12 | Construir | Farm |
| 27:15 | Crear | Villager (Male) |
| 27:16 | Crear | Villager (Male) |
| 27:16 | Crear | Villager (Male) |
| 27:16 | Crear | Villager (Male) |
| 27:16 | Crear | Villager (Male) |
| 27:22 | Construir | Gate |
| 27:25 | Construir | Stone Wall |
| 27:38 | Construir | Farm |
| 27:41 | Crear | Villager (Male) |
| 27:47 | Construir | Farm |
| 27:54 | Crear | Villager (Male) |
| 27:54 | Crear | Villager (Male) |
| 27:59 | Construir | Farm |
| 28:02 | Crear | Villager (Male) |
| 28:15 | Crear | Villager (Male) |
| 28:16 | Crear | Villager (Male) |
| 28:16 | Crear | Villager (Male) |
| 28:16 | Crear | Villager (Male) |
| 28:16 | Crear | Villager (Male) |
| 28:16 | Crear | Villager (Male) |
| 28:17 | Crear | Villager (Male) |
| 28:27 | Crear | Villager (Male) |
| 28:28 | Crear | Villager (Male) |
| 28:29 | Crear | Villager (Male) |
| 28:35 | Construir | Farm |
| 28:39 | Crear | Villager (Male) |
| 28:44 | Construir | Farm |
| 28:54 | Construir | Mill |
| 29:05 | Crear | Villager (Male) |
| 29:05 | Crear | Villager (Male) |
| 29:05 | Crear | Villager (Male) |
| 29:06 | Crear | Villager (Male) |
| 29:06 | Crear | Villager (Male) |
| 29:08 | Construir | Farm |
| 29:13 | Construir | Farm |
| 29:18 | Crear | Villager (Male) |
| 29:18 | Crear | Villager (Male) |
| 29:24 | Construir | Farm |
| 29:33 | Construir | Stone Wall |
| 29:38 | Crear | Villager (Male) |
| 29:38 | Crear | Villager (Male) |
| 29:38 | Crear | Villager (Male) |
| 29:41 | Construir | Farm |
| 29:45 | Construir | Stone Wall |
| 29:48 | Construir | Gate |
| 29:51 | Crear | Villager (Male) |
| 29:51 | Crear | Villager (Male) |
| 29:56 | Construir | Farm |
| 29:58 | Crear | Villager (Male) |
| 30:01 | Construir | Farm |
| 30:05 | Crear | Villager (Male) |
| 30:05 | Crear | Villager (Male) |
| 30:05 | Crear | Villager (Male) |
| 30:14 | Construir | Farm |
| 30:16 | Crear | Villager (Male) |
| 30:26 | Construir | Farm |
| 30:28 | Construir | Farm |
| 30:33 | Construir | Farm |
| 30:35 | Construir | Farm |
| 30:36 | Construir | Farm |
| 30:39 | Crear | Villager (Male) |
| 30:39 | Crear | Villager (Male) |
| 30:40 | Crear | Villager (Male) |
Build order — flo29
Primeras 150 de 479 acciones detectadas
| 0:43 | Construir | Town Center |
| 1:35 | Construir | House |
| 2:50 | Crear | Villager (Male) |
| 2:50 | Crear | Villager (Male) |
| 2:50 | Crear | Villager (Male) |
| 2:51 | Crear | Villager (Male) |
| 2:51 | Crear | Villager (Male) |
| 3:47 | Crear | Villager (Male) |
| 4:10 | Construir | House |
| 4:17 | Crear | Villager (Male) |
| 4:54 | Crear | Villager (Male) |
| 5:49 | Crear | Villager (Male) |
| 6:24 | Crear | Villager (Male) |
| 6:47 | Construir | House |
| 6:53 | Crear | Villager (Male) |
| 7:20 | Crear | Villager (Male) |
| 7:20 | Crear | Villager (Male) |
| 7:20 | Crear | Villager (Male) |
| 7:37 | Crear | Villager (Male) |
| 7:53 | Construir | Settlement |
| 8:12 | Construir | Palisade Gate |
| 8:19 | Crear | Villager (Male) |
| 8:19 | Crear | Villager (Male) |
| 8:19 | Crear | Villager (Male) |
| 8:54 | Crear | Villager (Male) |
| 9:07 | Crear | Villager (Male) |
| 9:36 | Crear | Villager (Male) |
| 9:59 | Crear | Villager (Male) |
| 10:08 | Construir | Settlement |
| 10:15 | Crear | Villager (Male) |
| 10:39 | Crear | Villager (Male) |
| 10:39 | Crear | Villager (Male) |
| 11:04 | Crear | Villager (Male) |
| 11:04 | Crear | Villager (Male) |
| 12:48 | Investigar | Feudal Age |
| 13:03 | Construir | Settlement |
| 14:42 | Construir | Palisade Wall |
| 14:46 | Construir | Palisade Gate |
| 15:20 | Edad | Edad Feudal |
| 15:21 | Construir | Farm |
| 15:23 | Construir | Farm |
| 15:25 | Crear | Villager (Male) |
| 15:25 | Crear | Villager (Male) |
| 15:27 | Construir | Farm |
| 15:31 | Construir | Farm |
| 15:48 | Construir | Blacksmith |
| 15:56 | Construir | Market |
| 16:03 | Crear | Villager (Male) |
| 16:06 | Investigar | Double-Bit Axe |
| 16:46 | Investigar | Castle Age |
| 17:12 | Construir | House |
| 17:19 | Construir | Palisade Wall |
| 17:29 | Construir | Palisade Gate |
| 17:54 | Investigar | Horse Collar |
| 18:00 | Construir | Farm |
| 18:04 | Construir | Farm |
| 18:46 | Crear | Villager (Male) |
| 18:46 | Crear | Villager (Male) |
| 18:46 | Crear | Villager (Male) |
| 19:26 | Edad | Edad de los Castillos |
| 19:37 | Construir | Town Center |
| 19:52 | Construir | Town Center |
| 20:00 | Investigar | Bow Saw |
| 20:11 | Investigar | Heavy Plow |
| 20:16 | Crear | Villager (Male) |
| 20:24 | Construir | Farm |
| 20:27 | Construir | Farm |
| 21:00 | Crear | Villager (Male) |
| 21:01 | Crear | Villager (Male) |
| 21:01 | Crear | Villager (Male) |
| 21:05 | Construir | Farm |
| 21:07 | Construir | Farm |
| 21:11 | Construir | Farm |
| 21:14 | Construir | Farm |
| 21:17 | Crear | Villager (Male) |
| 21:30 | Construir | Farm |
| 21:32 | Crear | Villager (Male) |
| 21:33 | Crear | Villager (Male) |
| 21:50 | Crear | Villager (Male) |
| 21:51 | Crear | Villager (Male) |
| 21:56 | Construir | Farm |
| 21:56 | Construir | Farm |
| 21:56 | Construir | Farm |
| 22:14 | Construir | Palisade Wall |
| 22:20 | Construir | Palisade Gate |
| 22:22 | Crear | Villager (Male) |
| 22:23 | Crear | Villager (Male) |
| 22:24 | Crear | Villager (Male) |
| 22:24 | Crear | Villager (Male) |
| 22:26 | Construir | Farm |
| 22:28 | Construir | Farm |
| 22:37 | Crear | Villager (Male) |
| 22:46 | Construir | Settlement |
| 23:06 | Crear | Villager (Male) |
| 23:07 | Crear | Villager (Male) |
| 23:09 | Crear | Villager (Male) |
| 23:15 | Crear | Villager (Male) |
| 23:22 | Crear | Villager (Male) |
| 23:24 | Crear | Villager (Male) |
| 23:27 | Construir | Farm |
| 23:31 | Construir | Farm |
| 23:34 | Construir | Farm |
| 23:53 | Construir | Barracks |
| 23:54 | Crear | Villager (Male) |
| 23:56 | Crear | Villager (Male) |
| 23:58 | Crear | Villager (Male) |
| 24:10 | Crear | Villager (Male) |
| 24:34 | Construir | House |
| 24:35 | Construir | House |
| 24:36 | Construir | House |
| 24:37 | Construir | House |
| 24:42 | Investigar | Wheelbarrow |
| 24:45 | Crear | Villager (Male) |
| 24:45 | Crear | Villager (Male) |
| 24:46 | Crear | Villager (Male) |
| 24:46 | Crear | Villager (Male) |
| 24:52 | Construir | Farm |
| 24:53 | Construir | Farm |
| 24:53 | Construir | Farm |
| 25:09 | Crear | Villager (Male) |
| 25:09 | Crear | Villager (Male) |
| 25:10 | Crear | Villager (Male) |
| 25:22 | Construir | Town Center |
| 25:34 | Crear | Unit 2550 |
| 25:45 | Construir | Barracks |
| 25:46 | Construir | Barracks |
| 25:51 | Crear | Villager (Male) |
| 25:51 | Crear | Villager (Male) |
| 26:00 | Construir | University |
| 26:06 | Crear | Villager (Male) |
| 26:06 | Crear | Villager (Male) |
| 26:08 | Crear | Villager (Male) |
| 26:09 | Crear | Villager (Male) |
| 26:10 | Crear | Villager (Male) |
| 26:14 | Construir | House |
| 26:15 | Construir | House |
| 26:16 | Construir | House |
| 26:22 | Crear | Villager (Male) |
| 26:23 | Crear | Villager (Male) |
| 26:33 | Investigar | Gold Mining |
| 26:48 | Construir | Castle |
| 26:55 | Construir | Settlement |
| 26:57 | Crear | Villager (Male) |
| 26:57 | Crear | Villager (Male) |
| 26:57 | Crear | Villager (Male) |
| 27:05 | Crear | Villager (Male) |
| 27:05 | Crear | Villager (Male) |
| 27:10 | Construir | Settlement |
| 27:11 | Construir | Farm |
| 27:12 | Construir | Farm |
Build order — curry addicted
Primeras 150 de 357 acciones detectadas
| 1:36 | Construir | Town Center |
| 2:11 | Construir | House |
| 4:13 | Crear | Villager (Male) |
| 4:14 | Crear | Villager (Male) |
| 4:14 | Crear | Villager (Male) |
| 4:14 | Crear | Villager (Male) |
| 4:14 | Crear | Villager (Male) |
| 4:25 | Construir | House |
| 6:27 | Crear | Villager (Male) |
| 6:27 | Crear | Villager (Male) |
| 6:28 | Crear | Villager (Male) |
| 6:45 | Construir | House |
| 6:52 | Crear | Villager (Male) |
| 6:52 | Crear | Villager (Male) |
| 7:33 | Crear | Villager (Male) |
| 7:34 | Crear | Villager (Male) |
| 7:34 | Crear | Villager (Male) |
| 8:33 | Crear | Villager (Male) |
| 8:34 | Crear | Villager (Male) |
| 8:36 | Investigar | Loom |
| 8:41 | Crear | Villager (Male) |
| 8:41 | Crear | Villager (Male) |
| 8:41 | Crear | Villager (Male) |
| 9:20 | Crear | Villager (Male) |
| 9:21 | Crear | Villager (Male) |
| 9:42 | Crear | Villager (Male) |
| 9:43 | Crear | Villager (Male) |
| 9:48 | Construir | House |
| 9:56 | Construir | Mill |
| 10:15 | Crear | Villager (Male) |
| 10:15 | Crear | Villager (Male) |
| 10:15 | Crear | Villager (Male) |
| 10:35 | Construir | Mining Camp |
| 10:50 | Crear | Villager (Male) |
| 11:24 | Crear | Villager (Male) |
| 11:52 | Crear | Villager (Male) |
| 11:52 | Crear | Villager (Male) |
| 12:08 | Construir | House |
| 12:15 | Crear | Villager (Male) |
| 12:19 | Crear | Villager (Male) |
| 12:43 | Crear | Villager (Male) |
| 12:55 | Crear | Villager (Male) |
| 12:59 | Crear | Villager (Male) |
| 13:12 | Construir | Mill |
| 13:29 | Crear | Villager (Male) |
| 14:42 | Crear | Villager (Male) |
| 15:17 | Construir | Mill |
| 15:21 | Investigar | Feudal Age |
| 15:22 | Investigar | Feudal Age |
| 16:16 | Crear | Villager (Male) |
| 16:17 | Crear | Villager (Male) |
| 17:30 | Edad | Edad Feudal |
| 17:39 | Investigar | Town Watch |
| 17:39 | Investigar | Town Watch |
| 17:46 | Construir | Barracks |
| 17:54 | Crear | Villager (Male) |
| 18:23 | Investigar | Wheelbarrow |
| 18:38 | Construir | Stable |
| 18:50 | Construir | Blacksmith |
| 18:57 | Construir | Lumber Camp |
| 19:01 | Crear | Villager (Male) |
| 19:06 | Construir | House |
| 19:07 | Construir | House |
| 19:13 | Crear | Scout Cavalry |
| 19:51 | Investigar | Castle Age |
| 19:52 | Investigar | Castle Age |
| 20:49 | Investigar | Double-Bit Axe |
| 20:52 | Investigar | Horse Collar |
| 20:52 | Investigar | Horse Collar |
| 20:57 | Investigar | Gold Mining |
| 21:25 | Construir | Farm |
| 21:34 | Construir | Farm |
| 21:53 | Construir | Farm |
| 22:19 | Edad | Edad de los Castillos |
| 22:23 | Construir | Town Center |
| 22:24 | Crear | Villager (Male) |
| 22:27 | Crear | Villager (Male) |
| 22:42 | Investigar | Bow Saw |
| 22:42 | Investigar | Bow Saw |
| 22:49 | Crear | Villager (Male) |
| 23:12 | Investigar | Stone Mining |
| 23:15 | Investigar | Heavy Plow |
| 23:36 | Construir | Farm |
| 23:39 | Construir | Farm |
| 23:41 | Crear | Villager (Male) |
| 23:45 | Crear | Villager (Male) |
| 23:46 | Crear | Villager (Male) |
| 24:00 | Construir | Monastery |
| 24:04 | Construir | Farm |
| 24:07 | Crear | Villager (Male) |
| 24:12 | Construir | Farm |
| 24:13 | Construir | Farm |
| 24:50 | Construir | Farm |
| 24:51 | Crear | Monk |
| 24:56 | Crear | Villager (Male) |
| 25:02 | Construir | Farm |
| 25:05 | Construir | Farm |
| 25:09 | Crear | Villager (Male) |
| 25:09 | Crear | Villager (Male) |
| 25:25 | Crear | Villager (Male) |
| 25:26 | Crear | Villager (Male) |
| 25:42 | Crear | Villager (Male) |
| 25:59 | Crear | Villager (Male) |
| 26:08 | Crear | Monk |
| 26:17 | Construir | House |
| 26:18 | Construir | House |
| 26:19 | Construir | House |
| 26:20 | Construir | House |
| 26:26 | Construir | Farm |
| 26:30 | Crear | Villager (Male) |
| 26:34 | Construir | Lumber Camp |
| 26:41 | Construir | Farm |
| 26:44 | Crear | Villager (Male) |
| 26:47 | Crear | Villager (Male) |
| 26:49 | Crear | Villager (Male) |
| 26:54 | Crear | Villager (Male) |
| 26:58 | Crear | Villager (Male) |
| 27:02 | Crear | Villager (Male) |
| 27:07 | Crear | Villager (Male) |
| 27:10 | Crear | Villager (Male) |
| 27:23 | Crear | Villager (Male) |
| 27:25 | Crear | Villager (Male) |
| 27:43 | Crear | Villager (Male) |
| 28:01 | Construir | Town Center |
| 28:03 | Crear | Villager (Male) |
| 28:06 | Construir | Lumber Camp |
| 28:08 | Crear | Villager (Male) |
| 28:09 | Crear | Villager (Male) |
| 28:09 | Crear | Villager (Male) |
| 28:14 | Crear | Villager (Male) |
| 28:35 | Construir | Town Center |
| 28:39 | Crear | Villager (Male) |
| 28:39 | Crear | Villager (Male) |
| 28:43 | Crear | Villager (Male) |
| 28:50 | Crear | Villager (Male) |
| 28:50 | Crear | Villager (Male) |
| 28:56 | Construir | Farm |
| 28:57 | Construir | Farm |
| 28:58 | Construir | Farm |
| 29:00 | Construir | Farm |
| 29:04 | Construir | Farm |
| 29:10 | Construir | Farm |
| 29:15 | Construir | Farm |
| 29:17 | Crear | Villager (Male) |
| 29:19 | Crear | Villager (Male) |
| 29:23 | Construir | Farm |
| 29:24 | Construir | Farm |
| 29:25 | Construir | Farm |
| 29:29 | Crear | Villager (Male) |
| 29:30 | Crear | Villager (Male) |
Cronología de la partida
| 13:46 | SB · first_building Barracks |
| 14:41 | SB · age_up feudal |
| 14:42 | flo29 · wall_segment Palisade Wall x14 |
| 14:48 | SB · first_building Archery Range |
| 15:20 | flo29 · age_up feudal |
| 15:22 | willfrancis11 · age_up feudal |
| 17:19 | flo29 · wall_segment Palisade Wall x8 |
| 17:30 | curry addicted · age_up feudal |
| 17:46 | curry addicted · first_building Barracks |
| 18:04 | SB · age_up castle |
| 18:38 | curry addicted · first_building Stable |
| 19:26 | flo29 · age_up castle |
| 20:23 | willfrancis11 · first_building Barracks |
| 21:28 | SB · first_building Stable |
| 21:32 | willfrancis11 · wall_segment Stone Wall x5 |
| 22:14 | flo29 · wall_segment Palisade Wall x9 |
| 22:19 | curry addicted · age_up castle |
| 23:12 | willfrancis11 · first_market_buy 100 stone |
| 23:28 | willfrancis11 · first_building Stable |
| 23:45 | willfrancis11 · wall_segment Stone Wall x8 |
| 23:53 | flo29 · first_building Barracks |
| 24:00 | curry addicted · first_building Monastery |
| 24:01 | willfrancis11 · age_up castle |
| 26:32 | SB · first_building Monastery |
| 26:48 | flo29 · first_building Castle |
| 27:25 | willfrancis11 · wall_segment Stone Wall x3 |
| 28:08 | willfrancis11 · first_market_sell 100 wood |
| 28:28 | flo29 · first_building Archery Range |
| 29:33 | willfrancis11 · wall_segment Stone Wall x6 |
| 29:45 | willfrancis11 · wall_segment Stone Wall x5 |
| 30:31 | SB · first_building Castle |
| 31:38 | willfrancis11 · wall_segment Stone Wall x11 |
| 32:17 | curry addicted · first_building Castle |
| 34:02 | flo29 · age_up imperial |
| 36:47 | curry addicted · first_building Archery Range |
| 36:48 | SB · age_up imperial |
| 37:25 | willfrancis11 · first_building Castle |
| 37:43 | curry addicted · age_up imperial |
| 38:17 | willfrancis11 · wall_segment Stone Wall x5 |
| 38:34 | willfrancis11 · wall_segment Stone Wall x1 |
| 38:59 | willfrancis11 · wall_segment Stone Wall x1 |
| 40:37 | flo29 · first_building Siege Workshop |
| 40:47 | willfrancis11 · wall_segment Stone Wall x6 |
| 41:01 | willfrancis11 · wall_segment Stone Wall x1 |
| 41:08 | willfrancis11 · wall_segment Stone Wall x6 |
| 43:10 | willfrancis11 · resign |
| 47:24 | SB · first_building Siege Workshop |
[ ANÁLISIS IA · 1 CRÉDITO ]
¿Qué pasó realmente en esta partida?
Wolo.gg analiza cada decisión: build order, eco, micro, errores típicos por bracket. Análisis personalizado por WhatsApp o Discord en 30 segundos.
Guía civ
Etíopes
Guía mapa
Land Nomad
Perfil
Jugador #19873911